 Seeded DCSS version 0.28.0-53-g5a82cb258f (webtiles) character file.

Game seed: 9581929281390380060 (custom seed)

7856 Kranky the Slinger (level 11, 0/81 HPs)
             Began as a Gnoll Wanderer on June 27, 2022.
             Was a High Priest of Okawaru.
             Slain by an ancient zyme (6 damage)
             ... on level 1 of the Abyss on July 1, 2022.
             The game lasted 00:22:05 (9026 turns).

Kranky the Slinger (Gnoll Wanderer)                 Turns: 9026, Time: 00:22:05

Health: 0/81       AC: 17    Str: 15    XL:     11   Next: 21%
Magic:  32/32      EV: 13    Int: 10    God:    Okawaru [*****.]
Gold:   559        SH:  0    Dex: 14    Spells: 23/26 levels left

rFire   + . .      SeeInvis .   R - +8 rapier "Kiddul" {freeze, rElec rF+ rN+}
rCold   . . .      Faith    .   (no shield)
rNeg    + . .      Spirit   .   n - +3 ring mail
rPois   .          Reflect  .   q - +0 helmet
rElec   +          Harm     .   B - +0 cloak
rCorr   +          Rampage  .   (no gloves)
Will    +....      NoTele   +   x - +0 pair of boots "Jywebuep" {-Tele rElec Regen+}
Stlth   +++.......              J - amulet of regeneration
HPRegen 0.00/turn               o - +4 ring of protection
MPRegen 0.23/turn               K - ring "Loahiz" {Will+ rCorr MP+9}

@: sick
A: fangs 1, strong nose, distributed training
a: Renounce Religion, Heroism, Finesse, Duel


You were on level 1 of the Abyss.
You worshipped Okawaru.
Okawaru was extremely pleased with you.
You visited 2 branches of the dungeon, and saw 10 of its levels.
You visited the Abyss 1 time.
You also visited: Sewer.

You collected 559 gold pieces.

Inventory:

Hand Weapons
 R - the +8 rapier "Kiddul" (weapon) {freeze, rElec rF+ rN+}
   (You found it on level 7 of the Dungeon)

   It freezes those it strikes, dealing additional cold damage.
   It can also slow down cold-blooded creatures.
   rF:        It protects you from fire.
   rElec:     It insulates you from electricity.
   rN:        It protects you from negative energy.
 V - a +0 shortbow of flaming
Missiles
 a - 39 arrows
 c - 25 poisoned darts (quivered)
 g - 21 sling bullets
 F - 6 curare-tipped darts
 G - 3 atropa-tipped darts
 O - 39 stones
Armour
 n - a +3 ring mail (worn)
 q - a +0 helmet (worn)
 x - the +0 pair of boots "Jywebuep" (worn) {-Tele rElec Regen+}
   (You found it on level 4 of the Dungeon)

   rElec:     It insulates you from electricity.
   -Tele:     It prevents most forms of teleportation.
   Regen:     It increases your rate of health regeneration.
 B - a +0 cloak (worn)
Jewellery
 l - a ring of wizardry
 o - a +4 ring of protection (left hand)
 r - an amulet of faith
 C - a ring of flight
 I - a ring of willpower
 J - an amulet of regeneration (around neck)
 K - the ring "Loahiz" (right hand) {Will+ rCorr MP+9}
   (You found it in a sewer)

   [ring of resist corrosion]

   MP:        It affects your magic capacity (+9).
   rCorr:     It protects you from acid and corrosion.
   Will:      It increases your willpower.
 M - a ring of protection from cold
Wands
 e - a wand of paralysis (6)
 w - a wand of acid (13)
 P - a wand of flame (18)
 T - a wand of digging (4)
Scrolls
 f - 7 scrolls of identify {unknown}
 k - a scroll of fog {unknown}
 m - a scroll of holy word {unknown}
 p - 2 scrolls of blinking {unknown}
 s - 2 scrolls of amnesia {unknown}
 t - 4 scrolls of teleportation
 u - 6 scrolls of vulnerability {unknown}
 y - 2 scrolls of enchant weapon {unknown}
 D - a scroll of brand weapon {unknown}
 E - a scroll of fear {unknown}
 H - a scroll of magic mapping {unknown}
 L - a scroll of noise {unknown}
 Q - a scroll of enchant armour {unknown}
 S - a scroll of immolation {unknown}
Potions
 b - a potion of magic {unknown}
 d - a potion of attraction {unknown}
 h - 4 potions of haste {unknown}
 i - 5 potions of heal wounds {unknown}
 j - 2 potions of lignification {unknown}
 v - 4 potions of curing
 z - a potion of ambrosia {unknown}
 A - 8 potions of flight
 N - a potion of degeneration {unknown}
 U - a potion of mutation {unknown}


   Skills:
 + Level 6.1 Fighting
 + Level 6.1 Short Blades
 + Level 6.1 Long Blades
 + Level 6.1 Axes
 + Level 6.1 Maces & Flails
 + Level 6.1 Polearms
 + Level 6.1 Staves
 + Level 9.0 Slings
 + Level 6.1 Bows
 + Level 6.1 Crossbows
 + Level 6.6 Throwing
 + Level 6.6 Armour
 + Level 6.1 Dodging
 + Level 6.6 Stealth
 + Level 6.1 Shields
 + Level 6.1 Unarmed Combat
 + Level 8.0 Spellcasting
 + Level 5.0 Conjurations
 + Level 5.0 Hexes
 + Level 5.0 Summonings
 + Level 5.0 Necromancy
 + Level 5.0 Translocations
 + Level 5.0 Transmutations
 + Level 5.0 Fire Magic
 + Level 6.4 Ice Magic
 + Level 5.0 Air Magic
 + Level 5.0 Earth Magic
 + Level 5.0 Poison Magic
 + Level 6.7 Invocations
 + Level 6.1 Evocations


You had 23 spell levels left.
You knew the following spells:

 Your Spells              Type           Power      Damage    Failure   Level
a - Freeze                Ice            64%        1d8       2%          1
b - Ensorcelled Hibernat  Hex/Ice        30%        N/A       4%          2

Your spell library contained the following spells:

 Spells                   Type           Power      Damage    Failure   Level
 Passage of Golubria      Tloc           14%        N/A       36%         4
 Yara's Violent Unravell  Hex/Tmut       7%         3d5       71%         5
 Tukima's Dance           Hex            Unusable   N/A       N/A         3
 Summon Ice Beast         Ice/Summ       Unusable   N/A       N/A         4

Dungeon Overview and Level Annotations

Branches:
Dungeon (9/15)             Temple (1/1) D:5            Lair (0/6) D:8
  Sewer (visited)
    Orc: D:9-12

Altars:
Ashenzari
Dithmenos
Elyvilon
Kikubaaqudgha
Nemelex Xobeh
Okawaru
Sif Muna
Wu Jian
Xom
Yredelemnul
The Shining One

Shops:
D:1 =

Annotations:
D:7 1 runed translucent door
D:9 1 exclusion, Erolcha


Innate Abilities, Weirdness & Mutations

You have very sharp teeth.
Your uncanny sense of smell can sniff out nearby items.
Your experience applies equally to all skills.


Message History

A starcursed mass splits.
There is an open door here.
A large abomination comes into view.
The demonic crawler shrieks in warning!
A starcursed mass splits.
You barely miss the ancient zyme.
You bite the ancient zyme, but do no damage.
The ancient zyme hits you. The ancient zyme hits you!
You hit the ancient zyme. You freeze the ancient zyme.
Your bite misses the ancient zyme.
The ancient zyme is lightly damaged.
The ancient zyme closely misses you. x2; You feel ill.
You hit the ancient zyme but do no damage.
The ancient zyme is lightly damaged.
The ancient zyme completely misses you.
The ancient zyme hits you but does no damage.
The ancient zyme hits you.
Keep disrobing?
The ancient zyme barely misses you.
You start removing your armour.
You continue taking off the +0 pair of boots "Jywebuep" {-Tele rElec Regen+}.
The demonic crawler shrieks in warning!
A chorus of shrieks assaults your mind.
* * * LOW HITPOINT WARNING * * *
The ancient zyme completely misses you.
The ancient zyme hits you but does no damage.
You hear a chilling moan.
You hear a roar! x2
You continue taking off the +0 pair of boots "Jywebuep" {-Tele rElec Regen+}.
A starcursed mass splits.
A deafening chorus of shrieks assaults your mind!
* * * LOW HITPOINT WARNING * * *
The ancient zyme hits you but does no damage.
The ancient zyme completely misses you.
You continue taking off the +0 pair of boots "Jywebuep" {-Tele rElec Regen+}.
The ancient zyme hits you but does no damage.
The ancient zyme hits you.
* * * LOW HITPOINT WARNING * * *
A starcursed mass splits.
You continue taking off the +0 pair of boots "Jywebuep" {-Tele rElec Regen+}.
The ancient zyme hits you.
You die...

#.... .. ...X...#..
#.#...........X..#.
.# .# ..####X######
# # ## ......
.X....# 3..
.............# z
.......XX....#. ...
.. ....xX.......
.X. .>.###xX###.#.#
... #.# #@#.# ..#
.## . ###.# .. .#.
#. . #


You could see 6 starcursed masses, an ancient zyme and a small abomination.

Vanquished Creatures
  Gastronok (D:8)
  A centaur warrior (D:9)
  A two-headed ogre (D:7)
  Joseph (D:9)
  A kobold demonologist (D:9)
  3 hornets
  A troll (D:9)
  A wyvern (D:8)
  A vampire mosquito (D:7)
  Duvessa (D:6)
  2 ice beasts
  A hornet zombie (D:8)
  A necrophage (D:5)
  3 centaurs
  3 phantoms
  5 bullfrogs
  2 kobold brigands
  A wyvern zombie (D:8)
  9 scorpions
  Dowan (D:6)
  6 killer bees
  5 wights (D:7)
  A howler monkey (D:9)
  8 electric eels (D:8)
  A centaur zombie (D:9)
  A hound (D:6)
  2 orc priests
  3 jellies
  3 bullfrog skeletons
  A gnoll shaman (D:8)
  Crazy Yiuf (D:4)
  Jessica (D:2)
  6 iguanas
  4 orc wizards
  A scorpion zombie (D:5)
  A merfolk avatar (Sewer)
  A merfolk siren (Sewer)
  A mummy (D:8)
  2 howler monkey zombies
  4 gnolls (D:8)
  A howler monkey skeleton (D:6)
  3 river rats
  14 adders
  A white imp (D:7)
  4 ufetubi
  2 adder skeletons (D:4)
  5 worms
  4 dart slugs
  12 orcs
  11 ball pythons
  5 endoplasms
  12 giant cockroaches
  10 goblins
  4 hobgoblins (D:1)
  17 kobolds
  9 quokkas
  9 bats
  7 frilled lizards
  3 hobgoblin zombies (D:8)
  An orc zombie (D:8)
  25 rats
252 creatures vanquished.

Vanquished Creatures (others)
  A sky beast (D:5)
  5 kobolds (D:8)
  9 plants (D:8)
15 creatures vanquished.

Grand Total: 267 creatures vanquished

Notes
Turn   | Place    | Note
-------+----------+-------------------------------------------
     0 | D:1      | Kranky the Gnoll Wanderer began the quest for the Orb.
     0 | D:1      | Kranky set off with the following items: a +0 hunting
                  | sling, 22 sling bullets, 10 poisoned darts, a +0 dagger, a
                  | +0 leather armour; and the following spell memorised:
                  | Freeze; and the following spells available to memorise:
                  | Ensorcelled Hibernation, Summon Ice Beast
     0 | D:1      | Reached XP level 1. HP: 13/13 MP: 6/6
   251 | D:1      | Reached XP level 2. HP: 19/19 MP: 5/7
   479 | D:1      | Found Wez Hiax's Jewellery Shoppe.
   638 | D:1      | Reached XP level 3. HP: 25/25 MP: 9/9
   716 | D:1      | Reached skill level 5 in Spellcasting
  1287 | D:2      | Reached skill level 1 in Invocations
  1405 | D:2      | Reached skill level 1 in Fighting
  1405 | D:2      | Reached skill level 1 in Short Blades
  1405 | D:2      | Reached skill level 1 in Long Blades
  1405 | D:2      | Reached skill level 1 in Axes
  1405 | D:2      | Reached skill level 1 in Maces & Flails
  1405 | D:2      | Reached skill level 1 in Polearms
  1405 | D:2      | Reached skill level 1 in Staves
  1405 | D:2      | Reached skill level 1 in Bows
  1405 | D:2      | Reached skill level 1 in Crossbows
  1405 | D:2      | Reached skill level 1 in Dodging
  1405 | D:2      | Reached skill level 1 in Shields
  1405 | D:2      | Reached skill level 1 in Unarmed Combat
  1405 | D:2      | Reached skill level 1 in Evocations
  1406 | D:2      | Found a faded altar of an unknown god.
  1457 | D:2      | Reached XP level 4. HP: 32/32 MP: 11/11
  1812 | D:2      | Noticed Jessica
  1822 | D:2      | Killed Jessica
  1823 | D:2      | Reached skill level 1 in Conjurations
  1823 | D:2      | Reached skill level 1 in Hexes
  1823 | D:2      | Reached skill level 1 in Summonings
  1823 | D:2      | Reached skill level 1 in Necromancy
  1823 | D:2      | Reached skill level 1 in Translocations
  1823 | D:2      | Reached skill level 1 in Transmutations
  1823 | D:2      | Reached skill level 1 in Fire Magic
  1823 | D:2      | Reached skill level 1 in Air Magic
  1823 | D:2      | Reached skill level 1 in Earth Magic
  1823 | D:2      | Reached skill level 1 in Poison Magic
  2061 | D:2      | Found a shimmering altar of Xom.
  2320 | D:3      | Reached XP level 5. HP: 31/37 MP: 9/12
  3000 | D:3      | Reached XP level 6. HP: 44/44 MP: 13/13
  3277 | D:4      | Identified the +0 pair of boots "Jywebuep" {-Tele rElec
                  | Regen+}
  3497 | D:4      | Found a runed translucent door.
  3498 | D:4      | Noticed Crazy Yiuf
  3666 | D:4      | Learned a level 2 spell: Ensorcelled Hibernation
  3674 | D:4      | Killed Crazy Yiuf
  3773 | D:5      | Entered Level 5 of the Dungeon
  3854 | D:5      | Noticed a sky beast
  3860 | D:5      | Noticed a necrophage
  3872 | D:5      | Killed a sky beast
  3878 | D:5      | Reached XP level 7. HP: 19/50 MP: 9/15
  3892 | D:5      | Reached skill level 7 in Slings
  4222 | D:5      | Found a staircase to the Ecumenical Temple.
  4227 | Temple   | Entered the Ecumenical Temple
  4232 | Temple   | Became a worshipper of Warmaster Okawaru
  4474 | D:5      | Reached XP level 8. HP: 18/57 MP: 13/16
  5315 | D:6      | Found a glowing drain.
  5331 | Sewer    | Entered a sewer
  5447 | Sewer    | Reached * piety under Okawaru
  5737 | Sewer    | Identified the ring "Loahiz" {Will+ rCorr MP+9}
  6212 | D:6      | Noticed Duvessa
  6218 | D:6      | Noticed Dowan
  6248 | D:6      | Killed Duvessa
  6249 | D:6      | Reached skill level 5 in Ice Magic
  6249 | D:6      | Reached XP level 9. HP: 29/65 MP: 18/18
  6258 | D:6      | Killed Dowan
  6580 | D:7      | Identified the +8 rapier "Kiddul" {freeze, rElec rF+ rN+}
  6780 | D:7      | Found a runed translucent door.
  6782 | D:7      | Found a runed translucent door.
  6824 | D:7      | Reached skill level 5 in Throwing
  6824 | D:7      | Reached skill level 5 in Armour
  6827 | D:7      | Reached ** piety under Okawaru
  6867 | D:7      | Reached skill level 5 in Stealth
  6887 | D:7      | Reached skill level 8 in Slings
  7209 | D:8      | Noticed a two-headed ogre
  7255 | D:7      | Killed a two-headed ogre
  7256 | D:7      | Reached skill level 5 in Invocations
  7256 | D:7      | Reached XP level 10. HP: 64/73 MP: 20/20
  7305 | D:8      | Reached *** piety under Okawaru
  7361 | D:8      | Found a staircase to the Lair.
  7371 | D:8      | Noticed Gastronok
  7399 | D:8      | Killed Gastronok
  7400 | D:8      | Reached skill level 5 in Fighting
  7400 | D:8      | Reached skill level 5 in Short Blades
  7400 | D:8      | Reached skill level 5 in Long Blades
  7400 | D:8      | Reached skill level 5 in Axes
  7400 | D:8      | Reached skill level 5 in Maces & Flails
  7400 | D:8      | Reached skill level 5 in Polearms
  7400 | D:8      | Reached skill level 5 in Staves
  7400 | D:8      | Reached skill level 5 in Bows
  7400 | D:8      | Reached skill level 5 in Crossbows
  7400 | D:8      | Reached skill level 5 in Dodging
  7400 | D:8      | Reached skill level 5 in Shields
  7400 | D:8      | Reached skill level 5 in Unarmed Combat
  7400 | D:8      | Reached skill level 5 in Evocations
  7487 | D:8      | Reached **** piety under Okawaru
  8260 | D:8      | Found a white marble altar of Elyvilon.
  8451 | D:9      | Noticed Joseph
  8477 | D:9      | Killed Joseph
  8511 | D:9      | Reached ***** piety under Okawaru
  8576 | D:9      | Noticed a kobold demonologist
  8588 | D:9      | Killed a kobold demonologist
  8589 | D:9      | Reached XP level 11. HP: 81/81 MP: 22/22
  8636 | D:9      | Noticed a centaur warrior
  8660 | D:9      | Killed a centaur warrior
  8661 | D:9      | Reached skill level 9 in Slings
  8661 | D:9      | Reached skill level 5 in Conjurations
  8661 | D:9      | Reached skill level 5 in Hexes
  8661 | D:9      | Reached skill level 5 in Summonings
  8661 | D:9      | Reached skill level 5 in Necromancy
  8661 | D:9      | Reached skill level 5 in Translocations
  8661 | D:9      | Reached skill level 5 in Transmutations
  8661 | D:9      | Reached skill level 5 in Fire Magic
  8661 | D:9      | Reached skill level 5 in Air Magic
  8661 | D:9      | Reached skill level 5 in Earth Magic
  8661 | D:9      | Reached skill level 5 in Poison Magic
  8902 | D:9      | Noticed Erolcha
  8916 | D:9      | Cast into level 1 of the Abyss (Erolcha)
  8983 | Abyss:1  | Found a corrupted altar of Lugonu.
  8998 | Abyss:1  | Noticed a thrashing horror
  8999 | Abyss:1  | Noticed a starcursed mass
  9003 | Abyss:1  | Noticed a thrashing horror
  9003 | Abyss:1  | Noticed a starcursed mass
  9014 | Abyss:1  | Noticed a large abomination
  9026 | Abyss:1  | Slain by an ancient zyme

Illustrated notes

Levels and vault maps discovered:
D:1:      psy_arrival_basics, layout_loops_corners, serial_shops,
          nicolae_shop_crystal, minmay_nonomino_d4
D:2:      minmay_door_path, layout_basic, basic_altar,
          ebering_ecumenical_altar_webs, st_stairs_14, uniq_jessica
D:3:      layout_basic, due_unseen_surprise
D:4:      layout_cave_pools, uniq_crazy_yiuf_cottage
D:5:      layout_basic, minmay_temple_entry_nine_rooms
D:6:      layout_rooms, gup_sewer_entry_bubbles, serial_bayou_pond_e,
          uniq_duvessa
D:7:      lemuel_insect_pit, layout_basic
D:8:      layout_loops_corners, lemuel_round_altar, dpeg_oklobed_lair,
          serial_bayou, serial_bayou_shore_a, serial_bayou_lagoon_a,
          serial_bayou_shore_b, serial_bayou_crossing, minivault_14,
          minmay_mini_ossuary, uniq_gastronok
D:9:      minmay_the_grid_triangle_9x9_rhombus_thin
          [minmay_the_grid_triangle_9x9_stretched_checkered,
          minmay_the_grid_triangle_9x9_prize_top_heavy,
          minmay_the_grid_triangle_9x9_pentomino_pain,
          minmay_the_grid_triangle_9x9_shrine], layout_grid_maze, minivault_24,
          uniq_joseph, uniq_erolcha
Temple:   grunt_wide_crystal_templ
Abyss:1:  base:
D:9

Skill      XL: |  1  2  3  4  5  6  7  8  9 10 11 |
---------------+----------------------------------+-----
Spellcasting   | 5 6 7 8 |  8.0
Invocations    | 1 2 3 4 5 6 |  6.7
Fighting       | 1 2 3 4 5 6 |  6.1
Short Blades   | 1 2 3 4 5 6 |  6.1
Long Blades    | 1 2 3 4 5 6 |  6.1
Axes           | 1 2 3 4 5 6 |  6.1
Maces & Flails | 1 2 3 4 5 6 |  6.1
Polearms       | 1 2 3 4 5 6 |  6.1
Staves         | 1 2 3 4 5 6 |  6.1
Bows           | 1 2 3 4 5 6 |  6.1
Crossbows      | 1 2 3 4 5 6 |  6.1
Dodging        | 1 2 3 4 5 6 |  6.1
Shields        | 1 2 3 4 5 6 |  6.1
Unarmed Combat | 1 2 3 4 5 6 |  6.1
Evocations     | 1 2 3 4 5 6 |  6.1
Conjurations   | 1 2 3 4 5 |  5.0
Hexes          | 1 2 3 4 5 |  5.0
Summonings     | 1 2 3 4 5 |  5.0
Necromancy     | 1 2 3 4 5 |  5.0
Translocations | 1 2 3 4 5 |  5.0
Transmutations | 1 2 3 4 5 |  5.0
Fire Magic     | 1 2 3 4 5 |  5.0
Air Magic      | 1 2 3 4 5 |  5.0
Earth Magic    | 1 2 3 4 5 |  5.0
Poison Magic   | 1 2 3 4 5 |  5.0
Throwing       | 3 4 5 6 |  6.6
Armour         | 3 4 5 6 |  6.6
Ice Magic      | 4 5 6 |  6.4
Stealth        | 3 4 5 6 |  6.6
Slings         | 7 8 9 |  9.0

Action                   |  1- 3 |  4- 6 |  7- 9 | 10-12 || total
-------------------------+-------+-------+-------+-------++-------
Melee: Hunting sling     |       |     2 |       |       ||     2
       Whip              |       |       |    27 |       ||    27
       Bite              |       |       |     6 |    35 ||    41
       Punch             |       |       |     4 |     7 ||    11
       Rapier            |       |       |    65 |   285 ||   350
       Dagger            |       |       |    30 |       ||    30
 Fire: Hunting sling     |    93 |   144 |   395 |       ||   632
       Shortbow          |       |       |       |    18 ||    18
Throw: Dart              |       |       |     9 |       ||     9
 Cast: Freeze            |    10 |    22 |    25 |       ||    57
 Stab: Sleeping          |       |       |     2 |     4 ||     6
       Invisible         |       |       |     1 |       ||     1
Armor: Leather armour    |       |    19 |   109 |       ||   128
       Ring mail         |       |       |     2 |   135 ||   137
Dodge: Dodged            |     4 |    32 |   195 |   189 ||   420
